cohdb
Replays
Latest Replays
All Replays
Popular Replays
Top Player Replays
Match Explorer
How It Works
Community
CoH3 Stats
Reddit
Sign in to upload your games and track your stats! →
Sign in with Steam
May I suggest a Humber in these trying times
Match 15529881
Overview
Messages
Build Orders
End
Selects Armored Battlegroup
Selects Assault Engineers
Assault Engineer Squad
Construct Barracks
Riflemen Squad
Riflemen Squad
Infantry Support Center
Riflemen Squad
Grenade Package
M1918 Browning Automatic Rifles
Construct Medical Station
Munitions Surplus
Survival Training
Construct Motor Pool
M1 Anti-tank Gun Team
Selects Field Repairs
Selects War Machine
M24 Chaffee Light Tank
M24 Chaffee Light Tank
M24 Chaffee Light Tank
Advanced Logisitcs
Demolitions Package
Selects Strength in Steel
Selects Seek and Destroy
M24 Chaffee Light Tank
M24 Chaffee Light Tank
M24 Chaffee Light Tank
M24 Chaffee Light Tank
Field Repairs
M24 Chaffee Light Tank
pooterin
oki
MoronPark-K_UN
MoronPark_脏渔夫
0
0
Comments
sign in to comment!
No comments posted yet!